AA
SIOUX CITY EXPLORERS @ TEXAS AIRHOGS
05/29/2072
 
TOP OF THE 1ST
Oakland Athletics batting - Pitching for Houston Astros : RHP Landon Welday
Pitching: RHP Landon Welday
Batting: RHB Marco Dominguez 0-0: Called Strike
0-1: Ball
1-1: Foul Ball, location: 2F
1-2: Strikes out swinging
Batting: RHB Rob Good 0-0: Foul Ball, location: 2F
0-1: DOUBLE (Flyball, 8RXD, EV 101.9 MPH)
Batting: RHB Sergio Arreola 0-0: Ball
1-0: Ball
2-0: Ball
3-0: Base on Balls
Batting: LHB Matt Price 0-0: Swinging Strike
0-1: Ball
1-1: Called Strike
Rob Good is caught stealing 3rd base 2-5
Sergio Arreola to second
1-2: Foul Ball, location: 2F
1-2: Foul Ball, location: 2F
1-2: Strikes out swinging
Top of the 1st over - 0 runs, 1 hit, 0 errors, 1 left on base; Oakland 0 - Houston 0
BOTTOM OF THE 1ST
Houston Astros batting - Pitching for Oakland Athletics : RHP Jorge Reynoso
Pitching: RHP Jorge Reynoso
Batting: LHB Steve Ozanich 0-0: Called Strike
0-1: Called Strike
0-2: Foul Ball, location: 2F
0-2: Strikes out swinging
Batting: RHB Bill Herrema 0-0: Ground out 6-3 (Groundball, 6, EV 106.9 MPH)
Batting: LHB John Quail 0-0: Called Strike
0-1: Fly out, F8 (Flyball, 8LD, EV 101.9 MPH)
Bottom of the 1st over - 0 runs, 0 hits, 0 errors, 0 left on base; Oakland 0 - Houston 0
TOP OF THE 2ND
Oakland Athletics batting - Pitching for Houston Astros : RHP Landon Welday
Batting: RHB Alan Rookard 0-0: Called Strike
0-1: Called Strike
0-2: Foul Ball, location: 2F
0-2: Strikes out looking
Batting: RHB Josh Navarrette 0-0: Swinging Strike
0-1: Ball
1-1: Ball
2-1: Foul Ball, location: 2F
2-2: Strikes out swinging
Batting: RHB Larry Parden 0-0: Foul Ball, location: 2F
0-1: Swinging Strike
0-2: Ball
1-2: Strikes out looking
Top of the 2nd over - 0 runs, 0 hits, 0 errors, 0 left on base; Oakland 0 - Houston 0
BOTTOM OF THE 2ND
Houston Astros batting - Pitching for Oakland Athletics : RHP Jorge Reynoso
Batting: RHB Alvin Sosa 0-0: Ball
1-0: SINGLE (Groundball, 6MD, EV 111.2 MPH)
Batting: RHB Harrison Clarno 0-0: Ball
1-0: Ball
2-0: Ball
3-0: Base on Balls
Alvin Sosa to second
Batting: RHB Scott Zito 0-0: Ball
1-0: Ball
2-0: Fly out, F9 (Flyball, 9LS, EV 76.9 MPH)
Batting: RHB Jorge Escamilla 0-0: Foul Ball, location: 2F
0-1: Fly out, F7 (Line Drive, 7, EV 92.5 MPH)
Batting: LHB Raul Badillo 0-0: Fielders Choice at 2nd, 4-6 (Groundball, 4MD, EV 88.8 MPH)
Bottom of the 2nd over - 0 runs, 1 hit, 0 errors, 2 left on base; Oakland 0 - Houston 0
TOP OF THE 3RD
Oakland Athletics batting - Pitching for Houston Astros : RHP Landon Welday
Batting: RHB Carlos Martinez 0-0: Ball
1-0: Foul Ball, location: 2F
1-1: Foul Ball, location: 2F
1-2: Ball
2-2: Fly out, F8 (Line Drive, 8LD, EV 83.8 MPH)
Batting: RHB Orlando Gomez 0-0: Ball
1-0: Foul Ball, location: 2F
1-1: Foul Ball, location: 2F
1-2: Strikes out swinging
Batting: RHB Marco Dominguez 0-0: Ball
1-0: Called Strike
1-1: Swinging Strike
1-2: Fly out, F8 (Flyball, 89XD, EV 94.4 MPH)
Top of the 3rd over - 0 runs, 0 hits, 0 errors, 0 left on base; Oakland 0 - Houston 0
BOTTOM OF THE 3RD
Houston Astros batting - Pitching for Oakland Athletics : RHP Jorge Reynoso
Batting: RHB John Rowe 0-0: Ball
1-0: Ball
2-0: Ball
3-0: Called Strike
3-1: Foul Ball, location: 2F
3-2: Base on Balls
Batting: LHB Steve Ozanich 0-0: Ball
1-0: Bunted foul
1-1: Swinging Strike
1-2: Foul Ball, location: 2F
1-2: Strikes out swinging
Batting: RHB Bill Herrema 0-0: Ball
1-0: Ball
2-0: Called Strike
2-1: Fielders Choice at 2nd, 6-4 (Groundball, 6S, EV 86.9 MPH)
Batting: LHB John Quail 0-0: Called Strike
0-1: Ball
Bill Herrema is caught stealing 2nd base 2-6
Bottom of the 3rd over - 0 runs, 0 hits, 0 errors, 0 left on base; Oakland 0 - Houston 0
TOP OF THE 4TH
Oakland Athletics batting - Pitching for Houston Astros : RHP Landon Welday
Batting: RHB Rob Good 0-0: Ground out 4-3 (Groundball, 4, EV 85.6 MPH)
Batting: RHB Sergio Arreola 0-0: Ball
1-0: Ball
2-0: Called Strike
2-1: Swinging Strike
2-2: Strikes out swinging
Batting: LHB Matt Price 0-0: Fly out, F7 (Flyball, 7S, EV 84.4 MPH)
Top of the 4th over - 0 runs, 0 hits, 0 errors, 0 left on base; Oakland 0 - Houston 0
BOTTOM OF THE 4TH
Houston Astros batting - Pitching for Oakland Athletics : RHP Jorge Reynoso
Batting: LHB John Quail 0-0: Called Strike
0-1: Foul Ball, location: 2F
0-2: Ball
1-2: Foul Ball, location: 2F
1-2: Ball
2-2: Strikes out swinging
Batting: RHB Alvin Sosa 0-0: Ball
1-0: Foul Ball, location: 2F
1-1: Ball
2-1: Ball
3-1: Base on Balls
Batting: RHB Harrison Clarno 0-0: Ball
1-0: Grounds into double play, 6-4-3 (Groundball, 6, EV 83.1 MPH)
Bottom of the 4th over - 0 runs, 0 hits, 0 errors, 0 left on base; Oakland 0 - Houston 0
TOP OF THE 5TH
Oakland Athletics batting - Pitching for Houston Astros : RHP Landon Welday
Pitching: RHP Chris LeBlanc
Batting: RHB Alan Rookard 0-0: Called Strike
0-1: Swinging Strike
0-2: Ball
1-2: Ball
2-2: Ball
3-2: Foul Ball, location: 2F
3-2: Fly out, F4 (Flyball, 34D, EV 92.5 MPH)
Batting: RHB Josh Navarrette 0-0: Called Strike
0-1: Swinging Strike
0-2: Ball
1-2: Foul Ball, location: 2F
1-2: Ball
2-2: Strikes out looking
Batting: RHB Larry Parden 0-0: Ball
1-0: Ball
2-0: SOLO HOME RUN (Flyball, 78XD, EV 103.1 MPH), Distance : 453 ft
Batting: RHB Carlos Martinez 0-0: Called Strike
0-1: Swinging Strike
0-2: Strikes out swinging
Top of the 5th over - 1 run, 1 hit, 0 errors, 0 left on base; Oakland 1 - Houston 0
BOTTOM OF THE 5TH
Houston Astros batting - Pitching for Oakland Athletics : RHP Jorge Reynoso
Pitching: LHP Casey Starkey
Batting: RHB Scott Zito 0-0: Ground out 4-3 (Groundball, 4, EV 82.5 MPH)
Batting: RHB Jorge Escamilla 0-0: Ball
1-0: Called Strike
1-1: Ball
2-1: Ball
3-1: Base on Balls
Batting: LHB Raul Badillo 0-0: Called Strike
0-1: Ball
1-1: Ball
2-1: Fly out, F8 (Flyball, 8RD, EV 80.0 MPH)
Batting: RHB John Rowe 0-0: Foul Ball, location: 2F
0-1: DOUBLE (Line Drive, 7LS, EV 114.4 MPH)
Jorge Escamilla to third
Runner from 3rd tries for Home, SAFE, throw by LF to trailing runner, SAFE at third!
Batting: LHB Steve Ozanich 0-0: Called Strike
0-1: Called Strike
0-2: Strikes out swinging
Bottom of the 5th over - 1 run, 1 hit, 0 errors, 1 left on base; Oakland 1 - Houston 1
TOP OF THE 6TH
Oakland Athletics batting - Pitching for Houston Astros : RHP Chris LeBlanc
Batting: RHB Orlando Gomez 0-0: Ball
1-0: Fly out, F8 (Line Drive, 8RM, EV 93.1 MPH)
Batting: RHB Marco Dominguez 0-0: Hit by Pitch
Batting: RHB Rob Good 0-0: Ball
1-0: Swinging Strike
1-1: Grounds into double play, 6-4-3 (Groundball, 56D, EV 100.0 MPH)
Top of the 6th over - 0 runs, 0 hits, 0 errors, 0 left on base; Oakland 1 - Houston 1
BOTTOM OF THE 6TH
Houston Astros batting - Pitching for Oakland Athletics : LHP Casey Starkey
Batting: RHB Bill Herrema 0-0: Ball
1-0: Ball
2-0: Ball
3-0: Base on Balls
Batting: LHB John Quail 0-0: Ball
1-0: Fly out, F9 (Line Drive, 9D, EV 89.4 MPH)
Batting: RHB Alvin Sosa 0-0: Ball
1-0: Grounds into double play, U6-3 (Groundball, 4MS, EV 86.2 MPH)
Bottom of the 6th over - 0 runs, 0 hits, 0 errors, 0 left on base; Oakland 1 - Houston 1
TOP OF THE 7TH
Oakland Athletics batting - Pitching for Houston Astros : RHP Chris LeBlanc
Batting: RHB Sergio Arreola 0-0: Ball
1-0: Ball
2-0: Foul Ball, location: 2F
2-1: Foul Ball, location: 2F
2-2: Strikes out swinging
Batting: LHB Matt Price 0-0: Ball
1-0: Called Strike
1-1: SINGLE (Groundball, 4M, EV 108.8 MPH) (infield hit)
Batting: RHB Alan Rookard 0-0: Ball
1-0: Foul Ball, location: 2F
1-1: Fly out, F7 (Flyball, 7, EV 86.9 MPH)
Pitching: LHP Hunter Ellis
Batting: RHB Josh Navarrette 0-0: Called Strike
0-1: Ball
1-1: Called Strike
1-2: Strikes out swinging
Top of the 7th over - 0 runs, 1 hit, 0 errors, 1 left on base; Oakland 1 - Houston 1
BOTTOM OF THE 7TH
Houston Astros batting - Pitching for Oakland Athletics : LHP Casey Starkey
Batting: RHB Harrison Clarno 0-0: Called Strike
0-1: Ball
1-1: Ball
2-1: Ball
3-1: Base on Balls
Batting: RHB Scott Zito 0-0: Ball
1-0: Ball
2-0: Foul Ball, location: 2F
2-1: Swinging Strike
2-2: Ball
3-2: Base on Balls
Harrison Clarno to second
Batting: RHB Jorge Escamilla 0-0: Called Strike
0-1: Foul Ball, location: 2F
0-2: Ball
Wild Pitch!
Harrison Clarno to third
Scott Zito to second
1-2: Ball
2-2: Ball
3-2: Intentional Walk
Batting: LHB Raul Badillo 0-0: Ball
1-0: Foul Ball, location: 2F
1-1: Foul Ball, location: 2F
1-2: DOUBLE (Groundball, 3L, EV 101.9 MPH)
Harrison Clarno scores
Scott Zito scores
Jorge Escamilla to third
Pitching: RHP Brad Jimenez
Batting: RHB John Rowe 0-0: Ball
1-0: Foul Ball, location: 2F
1-1: Foul Ball, location: 2F
1-2: Strikes out swinging
Pinch Hitting: RHB Ramon Mesa 0-0: Foul Ball, location: 2F
0-1: Called Strike
0-2: Ball
1-2: Strikes out swinging
Pinch Hitting: RHB Phil Byrd 0-0: Ball
1-0: Ball
2-0: Ball
3-0: Base on Balls
Batting: LHB John Quail 0-0: Called Strike
0-1: Called Strike
0-2: Ball
1-2: Foul Ball, location: 2F
1-2: SINGLE (Line Drive, 6M, EV 93.8 MPH)
Jorge Escamilla scores
Raul Badillo to third
Phil Byrd to second
Batting: RHB Alvin Sosa 0-0: Called Strike
0-1: Called Strike
0-2: Ball
1-2: Strikes out swinging
Bottom of the 7th over - 3 runs, 2 hits, 0 errors, 3 left on base; Oakland 1 - Houston 4
TOP OF THE 8TH
Oakland Athletics batting - Pitching for Houston Astros : LHP Hunter Ellis
Now at 1B: Kevin Coursey
Now at 2B: Ramon Mesa
Batting: RHB Larry Parden 0-0: Foul Ball, location: 2F
0-1: Called Strike
0-2: Strikes out looking
Batting: RHB Carlos Martinez 0-0: Ground out 4-3 (Groundball, 4, EV 88.8 MPH)
Batting: RHB Orlando Gomez 0-0: Fly out, F8 (Line Drive, 8LM, EV 110.0 MPH)
Top of the 8th over - 0 runs, 0 hits, 0 errors, 0 left on base; Oakland 1 - Houston 4
BOTTOM OF THE 8TH
Houston Astros batting - Pitching for Oakland Athletics : RHP Brad Jimenez
Pitching: LHP Mike Bold
Pinch Hitting: LHB David Plamann 0-0: Called Strike
0-1: Foul Ball, location: 2F
0-2: Fly out, F9 (Line Drive, 9D, EV 84.4 MPH)
Pinch Hitting: RHB Bob de Leon 0-0: Ball
1-0: Fly out, F4 (Flyball, 4D, EV 83.8 MPH)
Batting: RHB Jorge Escamilla 0-0: Called Strike
0-1: Swinging Strike
0-2: Foul Ball, location: 2F
0-2: Ball
1-2: Foul Ball, location: 2F
1-2: Foul Ball, location: 2F
1-2: Foul Ball, location: 2F
1-2: Ball
2-2: Fly out, F8 (Flyball, 8LM, EV 96.2 MPH)
Bottom of the 8th over - 0 runs, 0 hits, 0 errors, 0 left on base; Oakland 1 - Houston 4
TOP OF THE 9TH
Oakland Athletics batting - Pitching for Houston Astros : LHP Hunter Ellis
Pitching: RHP Julio Montano
Now at SS: Bob de Leon
Now in LF: David Plamann
Pinch Hitting: RHB Dan Massaro 0-0: Ball
1-0: Foul Ball, location: 2F
1-1: Swinging Strike
1-2: Fly out, F7 (Flyball, 7S, EV 88.8 MPH)
Pinch Hitting: LHB Josh Ansley 0-0: Called Strike
0-1: Called Strike
0-2: Ball
1-2: Ball
2-2: Foul Ball, location: 2F
2-2: Strikes out swinging
Pinch Hitting: LHB Jose Alvarado 0-0: Ball
1-0: SINGLE (Line Drive, 56, EV 110.0 MPH)
Pinch Hitting: LHB Raul Valdez 0-0: Ball
1-0: Swinging Strike
1-1: Foul Ball, location: 2F
1-2: Fly out, F7 (Flyball, 78D, EV 103.8 MPH)
Top of the 9th over - 0 runs, 1 hit, 0 errors, 1 left on base; Oakland 1 - Houston 4
Saturday, October 23rd , 2021 - OOTP Baseball 22.10 Build 79